 Dungeon Crawl Stone Soup version 0.31-a0-112-gdf0485fa37 (webtiles) character file.

Game seed: 14843153346864005571

2592 goodjpngoblin the Cleaver (level 9, -1/78 HPs)
             Began as a Minotaur Berserker on May 28, 2023.
             Was a Priest of Trog.
             Shot with an arrow by a centaur (7 damage)
             ... on level 7 of the Dungeon.
             The game lasted 00:09:37 (5405 turns).

goodjpngoblin the Cleaver (Minotaur Berserker)      Turns: 5405, Time: 00:09:38

Health: -1/78      AC: 11    Str: 26    XL:     9   Next: 33%
Magic:  8/8        EV: 12    Int:  4    God:    Trog [***...]
Gold:   276        SH:  5    Dex: 10    Spells: 8/8 levels left

rFire   . . .        o - +0 war axe
rCold   . . .        (no shield)
rNeg    . . .        h - +5 ring mail "Duexep" {rPois rCorr}
rPois   +            (helmet restricted)
rElec   .            (no cloak)
rCorr   +            (no gloves)
SInv    .            (no boots)
Will    .....        d - amulet of reflection
Stlth   +            (no ring)
HPRegen 0.33/turn    (no ring)
MPRegen 0.11/turn

%: reflection
@: on berserk cooldown, slowed, very slow
A: horns 2, retaliatory headbutt
a: Renounce Religion, Berserk, Trog's Hand


You were on level 7 of the Dungeon.
You worshipped Trog.
Trog was most pleased with you.
You visited 1 branch of the dungeon, and saw 7 of its levels.

You collected 276 gold pieces.

Inventory:

Hand Weapons
 f - a +1 vampiric rapier
 o - a +0 war axe (weapon)
Armour
 h - the +5 ring mail "Duexep" (worn) {rPois rCorr}
   (You found it on level 2 of the Dungeon)

   rPois:     It protects you from poison.
   rCorr:     It protects you from acid and corrosion.
Jewellery
 d - an amulet of reflection (around neck)
 s - a ring of resist corrosion
Wands
 b - a wand of digging (5)
 g - a wand of iceblast (32)
 t - a wand of light (5)
Scrolls
 l - a scroll of enchant weapon {unknown}
 m - a scroll of fear
 q - 2 scrolls of identify
 r - 4 scrolls of magic mapping
Potions
 a - a potion of cancellation
 c - 2 potions of heal wounds
 e - 2 potions of mutation
 i - a potion of enlightenment
 j - a potion of attraction {unknown}
 k - a potion of magic {unknown}
 n - 3 potions of curing
 p - 2 potions of degeneration
 u - a potion of might {unknown}


   Skills:
 + Level 6.8 Fighting
 + Level 11.1 Axes
 + Level 7.0 Armour
 + Level 5.0 Dodging
 + Level 1.3 Stealth
 + Level 3.4 Shields


You had 8 spell levels left.
You didn't know any spells.
Your spell library was empty.

Dungeon Overview and Level Annotations

Branches:
Dungeon (7/15)             Temple (0/1) D:6

Altars:
Elyvilon
Hepliaklqana
Okawaru
Ru

Shops:
D:1 (   D:5 (


Innate Abilities, Weirdness & Mutations

You have a pair of horns on your head.
You reflexively headbutt those who attack you in melee.


Message History

The steam dragon breathes steam at you. The ball of steam hits you!!
* * * LOW HITPOINT WARNING * * *
You slash the steam dragon!
The steam dragon is heavily wounded.
You feel sick.
The centaur shoots an arrow.
The arrow hits you but does no damage.
The centaur shoots an arrow.
The arrow closely misses you.
You slash the steam dragon!
The steam dragon is almost dead.
You block the steam dragon's attack.
The steam dragon claws you but does no damage.
The centaur shoots an arrow.
The arrow closely misses you.
You slash the steam dragon!
You kill the steam dragon!
Trog accepts your kill.
The steam dragon scales are intact enough to wear.
You feel sick.
The centaur shoots an arrow.
You block the arrow with an invisible shield... and reflect it back!
The arrow barely misses the centaur.
The centaur shoots an arrow.
The arrow closely misses you.
Your Armour skill increases to level 7!
Your Dodging skill increases to level 5!
You feel sick.
You are no longer poisoned.
Something unseen opens the door.
The centaur shoots an arrow.
You block the arrow with an invisible shield... and reflect it back!
The arrow hits the centaur!
You feel a strong urge to attack something.
The centaur shoots an arrow.
The arrow hits you.
* * * LOW HITPOINT WARNING * * *
You are no longer berserk.
You are exhausted.
You feel yourself slow down.
The centaur shoots an arrow.
The arrow hits you.
* * * LOW HITPOINT WARNING * * *
The centaur shoots an arrow.
You block the arrow with an invisible shield... and reflect it back!
The arrow closely misses the centaur.
The centaur shoots an arrow.
The arrow hits you!
You die...

#♣....<####
..#+#..c......#
.............#
#.###.........#
#.....†.[.....#
#####.........##
#...........
#.........###
#...@.......
#...........
####c....#..
.........
......##.
#.#....# #.
###.. #. ###


You could see 2 centaurs.

Vanquished Creatures
  Pikel (D:5)
  Sigmund (D:4)
  A steam dragon (D:7)
  Eustachio (D:4)
  Menkaure (D:6)
  Edmund (D:4)
  A water moccasin (D:7)
  An orc warrior (D:6)
  A black bear (D:4)
  A phantom (D:6)
  A centaur (D:4)
  3 lemures (D:5)
  6 scorpions
  A howler monkey (D:6)
  3 hounds
  2 jellies
  2 orc priests (D:5)
  7 iguanas
  3 orc wizards
  A sleepcap (D:6)
  A gnoll (D:4)
  6 adders
  2 shadow imps (D:6)
  A white imp (D:5)
  3 ufetubi
  3 dart slugs
  10 orcs
  4 ball pythons
  7 endoplasms
  4 giant cockroaches
  7 hobgoblins
  2 jackals (D:2)
  4 quokkas
  3 bats
  4 frilled lizards
  2 goblins
  7 kobolds
  8 rats
117 creatures vanquished.

Notes
Turn   | Place    | Note
-------+----------+-------------------------------------------
     0 | D:1      | goodjpngoblin the Minotaur Berserker began the quest for
                  | the Orb.
     0 | D:1      | Reached XP level 1. HP: 19/19 MP: 0/0
   151 | D:1      | Found Cyhac's Antique Weapon Boutique.
   422 | D:1      | You fall into a shaft and drop 1 floor!
   432 | D:2      | Reached XP level 2. HP: 18/27 MP: 1/1
   625 | D:2      | Reached skill level 4 in Axes
   625 | D:2      | Reached XP level 3. HP: 32/33 MP: 2/2
   831 | D:2      | Identified the +5 ring mail "Duexep" {rPois rCorr}
  1078 | D:2      | Reached ** piety under Trog
  1927 | D:3      | Found a faded altar of an unknown god.
  1963 | D:3      | Found a hazy altar of Hepliaklqana.
  2080 | D:3      | Reached skill level 5 in Axes
  2080 | D:3      | Reached XP level 4. HP: 24/40 MP: 3/3
  2927 | D:4      | Noticed Edmund
  2936 | D:4      | Killed Edmund
  2937 | D:4      | Reached skill level 6 in Axes
  2937 | D:4      | Reached XP level 5. HP: 47/47 MP: 4/4
  3004 | D:4      | Noticed Sigmund
  3015 | D:4      | Killed Sigmund
  3016 | D:4      | Reached XP level 6. HP: 55/55 MP: 5/5
  3027 | D:4      | Noticed Eustachio
  3060 | D:4      | Killed Eustachio
  3061 | D:4      | Reached skill level 5 in Fighting
  3061 | D:4      | Reached skill level 7 in Axes
  3061 | D:4      | Reached XP level 7. HP: 53/61 MP: 6/6
  3150 | D:4      | Found a white marble altar of Elyvilon.
  3203 | D:4      | Reached skill level 5 in Armour
  3203 | D:4      | Reached skill level 1 in Stealth
  3499 | D:4      | Found an iron altar of Okawaru.
  3538 | D:5      | Entered Level 5 of the Dungeon
  3569 | D:5      | Reached skill level 8 in Axes
  3569 | D:5      | Reached skill level 1 in Shields
  3620 | D:5      | Reached *** piety under Trog
  3668 | D:5      | Reached XP level 8. HP: 62/69 MP: 7/7
  3852 | D:5      | Found Lumen's Firing Range.
  4044 | D:5      | Noticed Pikel
  4070 | D:5      | Killed Pikel
  4071 | D:5      | Reached skill level 9 in Axes
  4316 | D:6      | Identified the +3 dagger of Baess {antimagic, *Slow rElec
                  | rPois Will++}
  4415 | D:6      | Reached skill level 10 in Axes
  4475 | D:6      | Noticed Menkaure
  4484 | D:6      | Killed Menkaure
  4688 | D:6      | Reached XP level 9. HP: 73/78 MP: 8/8
  4718 | D:6      | Found a staircase to the Ecumenical Temple.
  5336 | D:6      | Found a sacrificial altar of Ru.
  5395 | D:7      | Reached skill level 11 in Axes
  5402 | D:7      | Reached skill level 5 in Dodging
  5405 | D:7      | Shot with an arrow by a centaur

Illustrated notes

Levels and vault maps discovered:
D:1:      roderic_dead_forest, layout_basic, serial_forest,
          infiniplex_forest_straight_2, infiniplex_forest_zigzag_2,
          infiniplex_forest_straight_3, infiniplex_forest_clump_tiny,
          infiniplex_forest_clump_curved, infiniplex_forest_clump_small,
          infiniplex_forest_straight_4, serial_shops, nicolae_shop_tiny_glass
D:2:      layout_basic
D:3:      layout_basic, nzn_hepliaklqana_mist_gate,
          hellmonk_ecumenical_altar_slurped_away,
          chequers_serial_rivers_micro_a, minmay_misc_feat_plants
D:4:      layout_loops_ring, elyvilon_altar_1, okawaru_altar_gauntlet_db,
          nicolae_letterblocks [nicolae_letter_subblock,
          nicolae_letter_subblock, nicolae_letter_subblock,
          nicolae_letter_subblock, nicolae_letter_subblock,
          nicolae_letter_subblock, nicolae_letter_subblock,
          nicolae_letter_subblock, nicolae_letter_subblock,
          nicolae_letter_subblock, nicolae_letter_subblock,
          nicolae_letter_subblock, nicolae_letter_subblock,
          nicolae_letter_subblock, nicolae_letter_subblock,
          nicolae_letter_subblock, nicolae_letter_subblock,
          nicolae_letter_subblock, nicolae_letter_subblock,
          nicolae_letter_subblock, nicolae_letter_subblock,
          nicolae_letter_subblock, nicolae_letter_subblock,
          nicolae_letter_subblock, nicolae_letter_subblock], uniq_edmund,
          uniq_eustachio, uniq_sigmund
D:5:      layout_basic, chequers_decorated_corner, nicolae_shop_firing_range,
          uniq_pikel
D:6:      layout_basic, nicolae_ru_path_of_blood, minmay_temple_entry_arrows,
          uniq_menkaure
D:7:      layout_loops_cross, lemuel_round_altar, serial_shops,
          nicolae_shop_real_fake_doors, lightli_minifort

Skill      XL: |  1  2  3  4  5  6  7  8  9 |
---------------+----------------------------+-----
Fighting       | 4 5 6 |  6.8
Armour         | 3 4 5 6 7 |  7.0
Axes           | 4 5 6 7 8 10 11 | 11.1
Dodging        | 3 4 5 |  5.0
Stealth        | 1 |  1.3
Shields        | 2 3 |  3.4

Action                     |  1- 3 |  4- 6 |  7- 9 || total
---------------------------+-------+-------+-------++-------
  Melee: Hand axe          |    94 |    19 |       ||   113
         Headbutt          |    16 |     8 |    26 ||    50
         Punch             |     1 |     1 |     2 ||     4
         War axe           |       |    42 |   174 ||   216
 Invoke: Berserk           |       |     2 |     3 ||     5
    Use: Scroll            |     4 |     5 |     2 ||    11
 Armour: Animal skin       |    13 |       |       ||    13
         Ring mail         |    20 |    19 |    79 ||   118
  Dodge: Dodged            |    64 |    31 |    93 ||   188
  Block: Other             |       |    10 |    42 ||    52
         Reflection        |       |       |     7 ||     7

Table legend: (Time is in decaauts)
 A = Elapsed time spent in this place.
 B = Non-inter-level travel time spent in this place.
 C = Inter-level travel time spent in this place.
 D = Time resting spent in this place.
 E = Time spent auto-exploring this place.
 F = Levels seen in this place.
 G = Mean time per level.
                   A        B        C        D        E       F      G
               +--------+--------+--------+--------+--------+-----+--------+
         Total |   5471 |   5471 |      0 |    130 |   4066 |   7 |  781.6 |
       Dungeon |   5471 |   5471 |      0 |    130 |   4066 |   7 |  781.6 |
               +--------+--------+--------+--------+--------+-----+--------+

Top non-repeatable levels by time:
     D:6: 1097 daAuts
     D:1: 1052 daAuts
     D:3: 901 daAuts
     D:4: 816 daAuts
     D:2: 809 daAuts
     D:5: 772 daAuts
     D:7: 21 daAuts
